 Dungeon Crawl Stone Soup version 0.29-a0-298-g3c90f9a769 (webtiles) character file.

Game seed: 14968030061323098145

3154 kae the Arsonist (level 9, -7/55 HPs)
             Began as a Tengu Fire Elementalist on Mar 22, 2022.
             Mangled by a hornet (8 damage)
             ... on level 7 of the Dungeon.
             The game lasted 00:06:19 (9504 turns).

kae the Arsonist (Tengu Fire Elementalist)          Turns: 9504, Time: 00:06:20

Health: -7/55      AC:  2    Str:  9    XL:     9   Next: 93%
Magic:  12/18      EV: 14    Int: 19    God:
Gold:   338        SH:  5    Dex: 15    Spells: 6/19 levels left

rFire   . . .      SeeInvis +   (no weapon)
rCold   . . .      Faith    .   (no shield)
rNeg    . . .      Spirit   .   a - +0 robe
rPois   +          Reflect  +   (helmet restricted)
rElec   .          Harm     .   k - scarf {repulsion}
rCorr   .          Rampage  .   (no gloves)
Will    .....                   (boots unavailable)
Stlth   ++........              h - amulet of reflection
HPRegen 0.18/turn               c - ring of poison resistance
MPRegen 0.16/turn               e - ring of see invisible

@: lethally poisoned (-7 -> -17), flying quickly and evasively, slowed, repel
missiles, very slow
A: beak, talons 3, nimble flight, claws 1, mutation resistance 1, no potion heal
1
a: no special abilities


You were on level 7 of the Dungeon.
You visited 1 branch of the dungeon, and saw 7 of its levels.

You collected 338 gold pieces.

Inventory:

Missiles
 t - a throwing net
Armour
 a - a +0 robe (worn)
 k - a scarf of repulsion (worn)
Jewellery
 c - a ring of poison resistance (left claw)
 e - a ring of see invisible (right claw)
 h - an amulet of reflection (around neck)
 n - a ring of wizardry
 p - a +6 ring of dexterity
Wands
 b - a wand of polymorph (4)
 j - a wand of acid (6)
 w - a wand of paralysis (8)
Scrolls
 f - a scroll of teleportation
 i - a scroll of identify
 m - 2 scrolls of enchant weapon
 o - a scroll of fog
 s - a scroll of amnesia
 x - a scroll of magic mapping {unknown}
Potions
 d - a potion of mutation
 g - a potion of haste
 l - a potion of curing
 q - a potion of brilliance {unknown}
 r - 2 potions of heal wounds {unknown}
 u - a potion of lignification {unknown}
 v - 2 potions of attraction {unknown}
 z - a potion of berserk rage {unknown}


   Skills:
 + Level 5.9 Fighting
 - Level 2.1 Dodging
 - Level 2.0 Stealth
 + Level 5.8 Spellcasting
 + Level 8.0 Conjurations
 * Level 10.0 Fire Magic


You had 6 spell levels left.
You knew the following spells:

 Your Spells              Type           Power      Damage    Failure   Level
a - Foxfire               Conj/Fire      100%       2x1d9     1%          1
b - Scorch                Fire           86%        2d9       1%          2
c - Conjure Flame         Conj/Fire      39%        6-21      1%          3
d - Inner Flame           Hex/Fire       24%        N/A       4%          3
e - Flame Wave            Conj/Fire      39%        2d9       2%          4

Your spell library contained the following spells:

 Spells                   Type           Power      Damage    Failure   Level
 Magic Dart               Conj           100%       1d8       1%          1
 Stone Arrow              Conj/Erth      40%        3d9       7%          3
 Animate Skeleton         Necr           10%        N/A       12%         1
 Pain                     Necr           20%        1d5       12%         1
 Mephitic Cloud           Conj/Pois/Air  15%        N/A       12%         3
 Call Imp                 Summ           5%         N/A       17%         2
 Gell's Gravitas          Tloc           5%         N/A       34%         3
 Lesser Beckoning         Tloc           5%         N/A       34%         3
 Teleport Other           Tloc           5%         N/A       34%         3
 Vampiric Draining        Necr           5%         2d6       34%         3
 Animate Armour           Summ/Erth      10%        N/A       75%         4
 Leda's Liquefaction      Hex/Erth       2%         N/A       75%         4
 Lee's Rapid Deconstruct  Erth           2%         3d6*      97%         5
 Statue Form              Tmut/Erth      3%         N/A       100%        6
 Lehudib's Crystal Spear  Conj/Erth      10%        10d4      100%        8


Dungeon Overview and Level Annotations

Branches:
Dungeon (7/15)
 Temple: D:4-7

Altars:
Ashenzari
Gozag
Ru
Sif Muna
Xom

Annotations:
D:6 exclusion: gargoyle


Innate Abilities, Weirdness & Mutations

You have a beak for a mouth.
You have claws for feet.
Your magical nature lets you fly swiftly and evasively.
You have sharp fingernails.
You are somewhat resistant to further mutation.
Potions are less effective at restoring your health.


Message History

There is a stone staircase leading down here.
You see here a ring of flight.
A hornet comes into view.
A hornet is nearby!
A hornet is nearby!
A hornet is nearby!
Casting: Scorch (safe; 1% risk of failure)
Confirm with . or Enter, or press ? or * to list all spells.
The fire begins to smoulder!
The hornet buzzes angrily.
You hear a shout!
The hornet smothers the flame.
Casting: Conjure Flame (safe; 1% risk of failure)
Confirm with . or Enter, or press ? or * to list all spells.
Flames lash the hornet.
The hornet is moderately wounded.
The hornet's fire resistance burns away.
The hornet closely misses you. The hornet stings you.
You are poisoned.
The hornet stings you.
You feel yourself slow down.
Casting: Scorch (safe; 1% risk of failure)
Confirm with . or Enter, or press ? or * to list all spells.
Flames lash the hornet.
The hornet is burned terribly!
The hornet is severely wounded.
You feel very sick. The hornet stings you.
You are more poisoned.
You feel as though you will be slow longer.
The hornet stings you!
You suddenly lose the ability to move!
You feel very sick. The hornet stings you! The hornet stings you.
You shrug off the repeated paralysis!
You can move again.
* * * LOW HITPOINT WARNING * * *
You feel very sick. The hornet stings you!
* * * LOW HITPOINT WARNING * * *
An orc comes into view. It is wielding a +0 short sword.
The hornet stings you!
You die...

#.# #. #.# #. #.# #.
#.# ####. #.# ####
#.... ######.#####...
#.### #..............
#.#
#.####.#####...####.##
#@# #..<.....# #y#
###.####.# #.o..# #.#
#^# ####.# #.# #.# #
#.# #.# #.# #.# #.#
#.# #.# #.# #.# #.#


You could see a hornet (combustible) and an orc.

Vanquished Creatures
  6 yaks (D:5)
  3 water moccasins
  A black bear (D:6)
  2 ice beasts
  An orc warrior (D:6)
  2 ogres (D:6)
  A sky beast (D:6)
  A necrophage (D:3)
  2 bullfrogs
  5 scorpions
  5 howler monkeys
  3 hounds
  2 gnoll shamans
  3 orc priests
  2 iguanas
  Ijyb (D:3)
  3 orc wizards
  13 gnolls
  7 adders
  A shadow imp (D:6)
  A white imp (D:7)
  3 dart slugs
  21 orcs
  3 bats
  6 endoplasms
  4 giant cockroaches
  2 goblins (D:4)
  5 hobgoblins
  4 jackals
  9 kobolds
  4 quokkas
  5 ball pythons
  6 frilled lizards
  3 rats
140 creatures vanquished.

Vanquished Creatures (others)
  470 foxfires
  A plant (D:3)
471 creatures vanquished.

Grand Total: 611 creatures vanquished

Notes
Turn   | Place    | Note
-------+----------+-------------------------------------------
     0 | D:1      | kae the Tengu Fire Elementalist began the quest for the
                  | Orb.
     0 | D:1      | Reached XP level 1. HP: 10/10 MP: 4/4
   138 | D:1      | Reached XP level 2. HP: 16/16 MP: 1/6
  1132 | D:1      | Reached XP level 3. HP: 20/20 MP: 4/7
  1326 | D:1      | Reached skill level 1 in Fighting
  1627 | D:2      | Reached skill level 4 in Fire Magic
  2236 | D:3      | Learned a level 2 spell: Scorch
  2240 | D:3      | Learned a level 3 spell: Conjure Flame
  2392 | D:3      | Found a broken altar of Ashenzari.
  2404 | D:3      | Noticed Ijyb
  2474 | D:3      | Gained mutation: Potions are less effective at restoring
                  | your health. [potion of mutation]
  2474 | D:3      | Gained mutation: You have sharp fingernails. [potion of
                  | mutation]
  2474 | D:3      | Gained mutation: You are somewhat resistant to further
                  | mutation. [potion of mutation]
  2510 | D:3      | Killed Ijyb
  2511 | D:3      | Reached XP level 4. HP: 21/25 MP: 2/8
  2754 | D:3      | Found a faded altar of an unknown god.
  3070 | D:4      | Noticed a necrophage
  3087 | D:3      | Killed a necrophage
  3088 | D:3      | Gained mutation: Your magical nature lets you fly swiftly
                  | and evasively. [Tengu growth]
  3088 | D:3      | Reached XP level 5. HP: 25/30 MP: 0/10
  3315 | D:4      | Reached skill level 5 in Fire Magic
  3460 | D:4      | Reached XP level 6. HP: 35/35 MP: 6/11
  3934 | D:4      | Found a bloodstained altar of Trog.
  4050 | D:4      | Found a sacrificial altar of Ru.
  4050 | D:4      | Found an opulent altar of Gozag.
  4052 | D:4      | Found a shimmering blue altar of Sif Muna.
  4052 | D:4      | Found a shimmering altar of Xom.
  4052 | D:4      | Found a shimmering altar of Xom.
  4329 | D:5      | Entered Level 5 of the Dungeon
  4544 | D:5      | Reached XP level 7. HP: 40/40 MP: 8/13
  4739 | D:5      | Reached skill level 6 in Fire Magic
  4792 | D:5      | Noticed a yak
  4792 | D:5      | Noticed a yak
  4813 | D:5      | Noticed a yak
  4817 | D:5      | Killed a yak
  4818 | D:5      | Noticed a yak
  5458 | D:5      | Reached skill level 5 in Conjurations
  5499 | D:5      | Reached XP level 8. HP: 38/48 MP: 2/15
  5616 | D:5      | Noticed a yak
  5622 | D:5      | Noticed a yak
  5627 | D:5      | Killed a yak
  5628 | D:5      | Reached skill level 7 in Fire Magic
  5937 | D:5      | Killed a yak
  6575 | D:5      | Killed a yak
  6583 | D:5      | Killed a yak
  6584 | D:5      | Reached skill level 8 in Fire Magic
  6690 | D:5      | Killed a yak
  6691 | D:5      | Reached XP level 9. HP: 52/52 MP: 6/17
  7031 | D:6      | Reached skill level 5 in Spellcasting
  7137 | D:6      | Reached skill level 5 in Fighting
  7396 | D:6      | Reached skill level 9 in Fire Magic
  7586 | D:6      | Noticed a gargoyle
  8476 | D:6      | Learned a level 3 spell: Inner Flame
  8481 | D:6      | Learned a level 4 spell: Flame Wave
  9087 | D:7      | Reached skill level 10 in Fire Magic
  9497 | D:7      | Noticed a hornet
  9502 | D:7      | Paralysed by a hornet for 2 turns
  9504 | D:7      | HP: 1/55 [hornet (10)]
  9504 | D:7      | Mangled by a hornet

Illustrated notes

Levels and vault maps discovered:
D:1:      amcnicky_arrival_feature_with_door, layout_basic
D:2:      layout_basic, lemuel_old_faithful
D:3:      layout_basic, evilmike_ruin_ashenzari,
          shapermc_ecumenical_altar_acropolis, minmay_misc_feat_tiny, uniq_ijyb
D:4:      layout_rooms, doesnt_xom_only_xom, minmay_checkerbox
D:5:      layout_layer_cave, roderic_lattice_a
D:6:      hellmonk_destroyed_diamonds, layout_basic
D:7:      layout_loops_ring, minmay_temple_entry_from_below_b

Skill      XL: |  1  2  3  4  5  6  7  8  9 |
---------------+----------------------------+-----
Conjurations   | 2 3 4 5 6 8 |  8.0
Fighting       | 1 2 3 4 5 |  5.9
Fire Magic     | 4 5 6 8 10 | 10.0
Spellcasting   | 3 4 5 |  5.8
Dodging        | |  2.1
Stealth        | |  2.0

Action                   |  1- 3 |  4- 6 |  7- 9 || total
-------------------------+-------+-------+-------++-------
Melee: Unarmed           |     1 |     9 |     9 ||    19
       Peck              |     1 |     4 |     3 ||     8
       Kick              |     1 |     3 |     1 ||     5
       Punch             |       |     1 |       ||     1
 Cast: Foxfire           |    93 |    66 |   128 ||   287
       Scorch            |     4 |    25 |    80 ||   109
       Conjure Flame     |       |     3 |    15 ||    18
Evoke: Wand              |       |     1 |     1 ||     2
  Use: Potion            |     4 |       |       ||     4
       Scroll            |     3 |     1 |     1 ||     5
Armor: Robe              |     5 |     3 |     6 ||    14
Dodge: Dodged            |    13 |    19 |    57 ||    89
Block: Other             |     2 |     9 |    20 ||    31

Table legend: (Time is in decaauts)
 A = Elapsed time spent in this place.
 B = Non-inter-level travel time spent in this place.
 C = Inter-level travel time spent in this place.
 D = Time resting spent in this place.
 E = Time spent auto-exploring this place.
 F = Levels seen in this place.
 G = Mean time per level.
                   A        B        C        D        E       F      G
               +--------+--------+--------+--------+--------+-----+--------+
         Total |   9189 |   8967 |    222 |    523 |   7030 |   7 | 1312.7 |
       Dungeon |   9189 |   8967 |    222 |    523 |   7030 |   7 | 1312.7 |
               +--------+--------+--------+--------+--------+-----+--------+

Top non-repeatable levels by time:
     D:5: 1877 daAuts
     D:4: 1714 daAuts
     D:6: 1612 daAuts
     D:1: 1362 daAuts
     D:3: 1034 daAuts
     D:7: 852 daAuts
     D:2: 735 daAuts
